 Dungeon Crawl Stone Soup version 0.31-a0-232-gb1c03b2570 (webtiles) character file.

Game seed: 5435618033232239963

209 qw the Shooter (level 5, -3/45 HPs)
             Began as a Minotaur Hexslinger on July 6, 2023.
             Slain by an iguana (13 damage)
             ... on level 4 of the Dungeon.
             The game lasted 00:00:45 (2594 turns).

qw the Shooter (Minotaur Hexslinger)                Turns: 2594, Time: 00:00:46

Health: -3/45      AC:  3    Str: 13    XL:     5   Next: 55%
Magic:  5/5        EV: 12    Int: 10    God:
Gold:   135        SH:  0    Dex: 14    Spells: 5/6 levels left

rFire   . . .        Y - +2 sling
rCold   . . .        (no shield)
rNeg    . . .        f - +0 leather armour
rPois   .            (helmet restricted)
rElec   .            (no cloak)
rCorr   .            (no gloves)
SInv    .            (no boots)
Will    .....        d - amulet of regeneration
Stlth   +            (no ring)
HPRegen 1.07/turn    (no ring)
MPRegen 0.09/turn

%: no passive effects
@: no status effects
A: horns 2, retaliatory headbutt
a: no special abilities


You were on level 4 of the Dungeon.
You visited 1 branch of the dungeon, and saw 4 of its levels.

You collected 135 gold pieces.


Innate Abilities, Weirdness & Mutations

You have a pair of horns on your head.
You reflexively headbutt those who attack you in melee.


   Skills:
 - Level 3.0 Fighting
 + Level 5.9 Ranged Weapons
 - Level 2.1 Dodging
 - Level 1.0 Spellcasting
 - Level 2.0 Hexes


You had 5 spell levels left.
You knew the following spells:

 Your Spells              Type           Power      Damage    Failure   Level
a - Slow                  Hex            16%        N/A       19%         1

Your spell library contained the following spells:

 Spells                   Type           Power      Damage    Failure   Level
 Inner Flame              Hex/Fire       2%         N/A       65%         3
 Portal Projectile        Hex/Tloc       4%         N/A       65%         3
 Cause Fear               Hex            2%         N/A       88%         4

Inventory:

Hand Weapons
 Y - a +2 sling (weapon)
Armour
 f - a +0 leather armour (worn)
Jewellery
 d - an amulet of regeneration (around neck)
Scrolls
 b - a scroll of teleportation
 i - a scroll of identify
Potions
 a - a potion of resistance {unknown}
 c - a potion of ambrosia {unknown}
 e - 3 potions of heal wounds
 g - a potion of brilliance {unknown}
 h - a potion of magic {unknown}

Dungeon Overview and Level Annotations

Branches:
Dungeon (4/15)
 Temple: D:4-7

Altars:
Nemelex Xobeh


Message History

Enter note:
Enter note:
Enter note:
Enter note:
Enter note:
Enter note:
Enter note:
Enter note: Done exploring.
(D) Dungeon
Where to? (* - list waypoints, Enter - D:3, ? - help)
What level of the Dungeon? (default 1, ? - help)
There is a stone staircase leading down here.
You climb downwards.
Found 13 gold pieces.
There is a stone staircase leading up here.
Waypoint 3 assigned to D:4.
An iguana comes into view.
You shoot a sling bullet. The sling bullet hits the iguana.
The iguana hisses angrily.
The iguana is moderately wounded.
You shoot a sling bullet. The sling bullet hits the iguana.
The iguana is severely wounded.
You shoot a sling bullet.
The sling bullet closely misses the iguana.
The iguana bites you!
You shoot a sling bullet.
The sling bullet hits the iguana but does no damage.
The iguana is severely wounded.
The iguana misses you.
You shoot a sling bullet.
The sling bullet barely misses the iguana.
The iguana bites you but does no damage.
You shoot a sling bullet.
The sling bullet barely misses the iguana.
The iguana bites you!
You shoot a sling bullet.
The sling bullet closely misses the iguana.
The iguana bites you! x2
You die...

. ..########
.........##
#.........## #.
#..........##..#
.......<......#
.###....#.....#
#....@.....#
#...##l......
#..# ....... #..
.$..... #..
.....#. ##.
....## .....
.....#


You could see an iguana.

Vanquished Creatures
  A scorpion (D:3)
  Natasha (thrice) (D:3)
  Terence (D:3)
  An adder (D:2)
  2 dart slugs (D:1)
  An orc (D:3)
  3 endoplasms
  2 giant cockroaches
  5 goblins
  2 hobgoblins
  A quokka (D:1)
  6 ball pythons
  8 bats
  3 kobolds
  2 rats
41 creatures vanquished.

Notes
Turn   | Place    | Note
-------+----------+-------------------------------------------
     0 | D:1      | qw the Minotaur Hexslinger began the quest for the Orb.
     0 | D:1      | Reached XP level 1. HP: 16/16 MP: 1/1
     0 | D:1      | 0 ||| qw: Version: 0.3-a-46-gb1f654a
     0 | D:1      | 0 ||| qw: Game counter: 2139
     0 | D:1      | 0 ||| qw: Melee chars always use a shield: true
     0 | D:1      | 0 ||| qw: God list: Okawaru
     0 | D:1      | 0 ||| qw: Allow faded altars: false
     0 | D:1      | 0 ||| qw: Do Orc after clearing Dungeon:15 true
     0 | D:1      | 0 ||| qw: Do second Lair branch before Depths: true
     0 | D:1      | 0 ||| qw: Lair rune preference: random
     0 | D:1      | 0 ||| qw: Goals: Normal
     0 | D:1      | 0 ||| PLANNING D:1-11
   251 | D:1      | Reached skill level 3 in Ranged Weapons
   251 | D:1      | Reached XP level 2. HP: 21/23 MP: 2/2
   744 | D:1      | 744 ||| UPGRADING to +0 leather armour.
   754 | D:1      | 754 ||| DROPPING +0 robe.
   755 | D:1      | 755 ||| UPGRADING to amulet of regeneration.
   760 | D:1      | 760 ||| READING scroll labelled OSU SYFIXO.
   761 | D:1      | 761 ||| DROPPING scroll of poison.
   877 | D:2      | Reached XP level 3. HP: 29/29 MP: 3/3
  1616 | D:2      | 1616 ||| READING scroll labelled BETWOA JUONO.
  1617 | D:2      | 1617 ||| READING scroll labelled PINIOBYDGHIU.
  1684 | D:3      | Noticed Natasha
  1694 | D:3      | Killed Natasha
  1695 | D:3      | Reached skill level 4 in Ranged Weapons
  1790 | D:3      | Noticed Natasha
  1797 | D:3      | Killed Natasha
  1798 | D:3      | Reached XP level 4. HP: 32/36 MP: 4/4
  1922 | D:3      | Noticed Natasha
  1931 | D:3      | Killed Natasha
  1932 | D:3      | Reached skill level 5 in Ranged Weapons
  2175 | D:3      | Noticed Terence
  2186 | D:3      | Killed Terence
  2187 | D:3      | Reached XP level 5. HP: 32/44 MP: 5/5
  2383 | D:3      | Reached skill level 3 in Fighting
  2392 | D:3      | Found a sparkling altar of Nemelex Xobeh.
  2439 | D:3      | 2439 ||| READING 2 scrolls labelled ZICOSE SAFILAM.
  2469 | D:3      | 2469 ||| READING scroll labelled WUOGUIHIAR.
  2470 | D:3      | 2470 ||| READING scroll labelled RAGUCV FELIC.
  2471 | D:3      | 2471 ||| READING scroll labelled QIQO VAUMIGG.
  2472 | D:3      | Found a faded altar of an unknown god.
  2594 | D:4      | HP: 10/45 [iguana (12)]
  2594 | D:4      | Slain by an iguana

Levels and vault maps discovered:
D:1:      sevenhm_arrival_forest_fort_small_4, layout_basic,
          hangedman_decor_slide_cut
D:2:      layout_basic
D:3:      layout_basic, nemelex_dance_club_becter,
          shapermc_ecumenical_altar_notcrosses, uniq_natasha, uniq_terence
D:4:      layout_layer_cave, uniq_pikel, uniq_duvessa

Skill      XL: |  1  2  3  4  5 |
---------------+----------------+-----
Ranged Weapons | 3 4 5 |  5.9
Fighting       | 2 3 |  3.0
Dodging        | |  2.1
Spellcasting   | |  1.0
Hexes          | |  2.0

Action                     |  1- 3 |  4- 6 || total
---------------------------+-------+-------++-------
   Fire: Sling             |    91 |    51 ||   142
    Use: Scroll            |     3 |     4 ||     7
 Armour: Leather armour    |    14 |     5 ||    19
         Robe              |     1 |       ||     1
  Dodge: Dodged            |    29 |    22 ||    51

Table legend:
 A = Non-vault XP
 B = Vault XP
 C = Vault XP percentage of total XP
 D = Non-vault monster count
 E = Vault monster count
 F = Vault count percentage of total count
                 A         B        C        D         E       F
            +---------+---------+-------+---------+---------+-------
      Total |     222 |      77 |  25.8 |      37 |       4 |   9.8
            +---------+---------+-------+---------+---------+-------
        D:1 |      23 |       0 |   0.0 |      11 |       0 |   0.0
        D:2 |      31 |       0 |   0.0 |      14 |       0 |   0.0
        D:3 |     168 |      77 |  31.4 |      12 |       4 |  25.0
            +---------+---------+-------+---------+---------+-------
